 Dungeon Crawl Stone Soup version 0.23.2 (webtiles) character file.

Game seed: 8955435687794457707

11516 Marnok the Cruncher (level 11, -17/85 HPs)
             Began as a Demonspawn Gladiator on Apr 4, 2019.
             Was a High Priest of Okawaru.
             Demolished by a white ugly thing (26 damage)
             ... on level 12 of the Dungeon.
             The game lasted 00:41:54 (11549 turns).

Marnok the Cruncher (Demonspawn Gladiator)         Turns: 11549, Time: 00:41:55

Health: -17/85     AC: 15    Str: 17    XL:     11   Next: 50%
Magic:  12/12      EV: 16    Int: 10    God:    Okawaru [*****.]
Gold:   675        SH:  0    Dex: 16    Spells: 9/10 levels left

rFire    + . .     SeeInvis .   P - +8 broad axe "Demon's Bane" {freeze, rF+ Int+3}
rCold    . . .     Gourm    .   (no shield)
rNeg     . . .     Faith    .   T - +2 robe {MR+}
rPois    +         Spirit   .   u - +1 helmet
rElec    .         Reflect  .   o - +2 cloak
rCorr    .         Harm     .   v - +2 pair of gloves {archery}
MR       ++...                  (no boots)
Stlth    +++.......             p - amulet of rage
HPRegen  0.24/turn              L - ring of protection from magic
MPRegen  0.13/turn              m - ring of poison resistance

@: about to teleport
A: talons 2, molten scales 1, demonic guardian 1, dopey 1, spiny 1, wild magic
1, MP-powered wands
a: Heroism, Finesse, Renounce Religion, Evoke Berserk Rage


You were on level 12 of the Dungeon.
You worshipped Okawaru.
Okawaru was extremely pleased with you.
You were not hungry.

You visited 1 branch of the dungeon, and saw 12 of its levels.

You collected 675 gold pieces.

Inventory:

Hand Weapons
 a - a +1 vampiric quarterstaff
 s - a +2 dagger of venom
 t - a +3 whip
 w - a +4 scythe of venom
 B - a +1 hunting sling of velocity
 C - a +2 whip of flaming
 F - a +0 hand axe of chopping
 N - a +4 blowgun
 P - the +8 broad axe "Demon's Bane" (weapon) {freeze, rF+ Int+3}
   (Okawaru gifted it to you on level 10 of the Dungeon)

   It has been specially enchanted to freeze those struck by it, causing extra
   injury to most foes and up to half again as much damage against particularly
   susceptible opponents.
   It can also slow down cold-blooded creatures.
   It affects your intelligence (+3).
   It protects you from fire.
Missiles
 d - 3 throwing nets
 i - 3 javelins
 x - 7 poisoned tomahawks (quivered)
 E - 29 sling bullets
 Q - 34 poisoned needles
Armour
 o - a +2 cloak (worn)
 u - a +1 helmet (worn)
 v - a +2 pair of gloves of archery (worn)
 T - a +2 robe of magic resistance (worn)
Jewellery
 m - a ring of poison resistance (right hand)
 n - an uncursed ring of ice
 p - an amulet of rage (around neck)
 z - an uncursed amulet of faith
 L - a ring of protection from magic (left hand)
Wands
 H - a wand of paralysis (10)
 I - a wand of random effects (14)
Scrolls
 e - 2 scrolls of magic mapping
 h - 3 scrolls of fear
 j - 3 scrolls of teleportation
 k - 3 scrolls of enchant weapon
 l - 5 scrolls of fog
 q - 2 scrolls of blinking
 y - a scroll of remove curse
Potions
 g - a potion of resistance
 r - 4 potions of haste
 A - 2 potions of mutation
 D - a potion of agility
 G - a potion of magic
 K - 2 potions of brilliance
 M - a potion of curing
 S - a potion of might {unknown}
Comestibles
 c - 9 chunks of flesh
 f - 16 rations


   Skills:
 + Level 7.7 Fighting
 + Level 4.3 Axes
 + Level 10.9 Staves
 + Level 2.7 Throwing
 + Level 4.9 Armour
 + Level 6.6 Dodging
 + Level 6.0 Stealth
 + Level 0.4 Spellcasting
 + Level 0.8 Necromancy
 + Level 1.1 Invocations
 + Level 2.0 Evocations


You had 9 spell levels left.
You knew the following spells:

 Your Spells              Type           Power        Failure   Level  Hunger
a - Animate Skeleton      Necr           N/A          34%         1    ##.....

Your spell library contained the following spells:

 Spells                   Type           Power        Failure   Level  Hunger
 Pain                     Necr           #...         34%         1    ##.....
 Freeze                   Ice            #...         45%         1    ##.....
 Summon Small Mammal      Summ           #...         45%         1    ##.....
 Call Imp                 Summ           #.......     58%         2    ###....
 Throw Frost              Conj/Ice       #.....       58%         2    ###....
 Vampiric Draining        Necr           #.........   69%         3    ####...
 Regeneration             Chrm/Necr      #.........   75%         3    ####...
 Call Canine Familiar     Summ           #.......     80%         3    ####...
 Ozocubu's Armour         Chrm/Ice       #.......     80%         3    ####...
 Summon Guardian Golem    Hex/Summ       #.......     80%         3    ####...
 Animate Dead             Necr           N/A          97%         4    #####..
 Summon Ice Beast         Ice/Summ       #.......     99%         4    #####..
 Summon Lightning Spire   Summ/Air       #.......     99%         4    #####..
 Throw Icicle             Conj/Ice       #.......     99%         4    #####..
 Bolt of Magma            Conj/Fire/Erth #.........   100%        5    ######.
 Iskenderun's Battlesphe  Conj/Chrm      #.......     100%        5    ######.
 Venom Bolt               Conj/Pois      #.........   100%        5    ######.
 Iron Shot                Conj/Erth      #.........   100%        6    #######
 Orb of Destruction       Conj           #.........   100%        7    #######
 Spellforged Servitor     Conj/Summ      #.........   100%        7    #######


Dungeon Overview and Level Annotations

Branches:
Dungeon (12/15)            Temple (0/1) D:5            Lair (0/6) D:11
    Orc (0/2) D:11

Altars:
Ashenzari
Cheibriados
Elyvilon
Gozag
Hepliaklqana
Okawaru
Ru
Sif Muna
Xom
Yredelemnul

Shops:
D:4 =

Annotations:
D:7 1 runed translucent door


Innate Abilities, Weirdness & Mutations

You have razor-sharp toenails.
You are partially covered in molten scales. (AC +2)
A weak demonic guardian rushes to your aid.
You are partially covered in sharp spines.
You are dopey. (Int -2)
Your spells are a little harder to cast, but a little more powerful.
You expend magic power (3 MP) to strengthen your wands.


Message History

HP restored.
You open the door.
A white ugly thing comes into view.
The white ugly thing gurgles horribly!
Your magical contamination has completely faded away.
There is an open door here.
The white ugly thing pecks you. The white ugly thing freezes you!!
The white ugly thing is struck by your spines.
The white ugly thing pecks you! The white ugly thing freezes you!!
* * * LOW HITPOINT WARNING * * *
Your white imp gestures at the white ugly thing.
The puff of frost hits the white ugly thing.
The white ugly thing resists.
As you read the scroll of teleportation, it crumbles to dust.
You feel strangely unstable.
The white ugly thing is struck by your spines.
The white ugly thing pecks you!
* * * LOW HITPOINT WARNING * * *
The white ugly thing freezes you!!
You die...

..##...##+##
#..#..##...##
#..#..#.....#
#..#..#.....+
#.....#.....#
##.....##...#####
##.......##)##...##
.............#.@...#
..###.#.....Z5.u...#
...##......####...#
#..##...### ..##
#..#..## ### #..#..#
#.).## #...# #...#


You could see a white ugly thing, a friendly white imp and a friendly hound
skeleton.

Vanquished Creatures
  3 two-headed ogres
  A manticore (D:12)
  Joseph (D:7)
  A centaur skeleton (D:10)
  2 trolls
  3 hippogriffs
  Sigmund (D:6)
  2 wyverns (D:9)
  Eustachio (D:6)
  8 yaks
  4 hungry ghosts
  Menkaure (D:7)
  Duvessa (D:7)
  3 orc warriors
  3 sky beasts
  4 ice beasts
  5 ogres
  A necrophage (D:7)
  A phantom (D:6)
  3 centaurs
  2 crocodiles
  3 big kobolds
  4 bullfrogs
  A gnoll sergeant (D:10)
  Dowan (D:7)
  A wyvern skeleton (D:7)
  4 scorpions
  A howler monkey (D:9)
  2 crimson imps
  7 hounds
  2 quasits
  4 bullfrog zombies
  5 jellies
  5 orc priests
  A bullfrog skeleton (D:5)
  2 centaur zombies
  8 orc wizards
  4 iguanas
  7 worker ants
  A mummy (D:8)
  A howler monkey skeleton (D:5)
  A worker ant zombie (D:10)
  8 adders
  9 gnolls
  3 shadow imps
  5 oozes (D:8)
  2 adder skeletons
  2 adder zombies
  3 dart slugs
  7 leopard geckos
  51 orcs
  3 ball pythons
  12 bats
  7 giant cockroaches
  6 goblins
  4 hobgoblins
  12 jackals
  2 quokkas
  3 frilled lizards
  A giant cockroach zombie (D:6)
  A hobgoblin zombie (D:8)
  19 kobolds
  2 kobold zombies (D:8)
  A leopard gecko zombie (D:6)
  An orc zombie (D:8)
  A quokka zombie (D:6)
  10 rats
291 creatures vanquished.

Vanquished Creatures (collateral kills)
  A centaur warrior (D:12)
  3 yaks
  An ice beast (D:8)
  An orc warrior (D:11)
  2 ogres
  An orc wizard (D:3)
  An orc (D:4)
10 creatures vanquished.

Grand Total: 301 creatures vanquished

Notes
Turn   | Place    | Note
-------+----------+-------------------------------------------
     0 | D:1      | Marnok the Demonspawn Gladiator began the quest for the
                  | Orb.
     0 | D:1      | Reached XP level 1. HP: 16/16 MP: 1/1
   226 | D:1      | Gained mutation: You are partially covered in sharp spines.
                  | [demonic ancestry]
   226 | D:1      | Reached XP level 2. HP: 17/22 MP: 2/2
   412 | D:1      | Reached skill level 3 in Staves
   837 | D:2      | Reached XP level 3. HP: 22/27 MP: 3/3
  1570 | D:3      | Gained mutation: You have sharp toenails. [potion of
                  | mutation]
  1570 | D:3      | Gained mutation: You are dopey. (Int -2) [potion of
                  | mutation]
  1570 | D:3      | Gained mutation: You expend magic power (3 MP) to
                  | strengthen your wands. [potion of mutation]
  1570 | D:3      | Gained mutation: Your spells are a little harder to cast,
                  | but a little more powerful. [potion of mutation]
  1679 | D:3      | Reached skill level 1 in Armour
  1684 | D:3      | Reached XP level 4. HP: 28/34 MP: 4/4
  1986 | D:3      | Gained mutation: A weak demonic guardian rushes to your
                  | aid. [demonic ancestry]
  1986 | D:3      | Reached XP level 5. HP: 35/39 MP: 5/5
  1990 | D:3      | Reached skill level 4 in Staves
  2119 | D:3      | Found an opulent altar of Gozag.
  2119 | D:3      | Found an iron altar of Okawaru.
  2123 | D:3      | Became a worshipper of Warmaster Okawaru
  2207 | D:4      | Noticed an ogre
  2212 | D:3      | Reached skill level 1 in Stealth
  2616 | D:3      | Killed an ogre
  2616 | D:3      | Reached XP level 6. HP: 26/46 MP: 6/6
  2918 | D:4      | Found Buniug's Jewellery Emporium.
  2923 | D:4      | Reached * piety under Okawaru
  3401 | D:4      | Reached skill level 5 in Staves
  3436 | D:4      | Reached XP level 7. HP: 35/52 MP: 7/7
  4125 | D:5      | Entered Level 5 of the Dungeon
  4286 | D:5      | Found a staircase to the Ecumenical Temple.
  4408 | D:5      | Reached skill level 6 in Staves
  4846 | D:5      | Identified a scroll of acquirement
  4879 | D:6      | Noticed Sigmund
  4883 | D:6      | Reached ** piety under Okawaru
  4887 | D:6      | Killed Sigmund
  4887 | D:6      | Mutation became permanent: You have sharp toenails.
                  | [demonic ancestry]
  4887 | D:6      | Gained mutation: You have sharp toenails. [demonic
                  | ancestry]
  4887 | D:6      | Reached XP level 8. HP: 48/60 MP: 8/8
  5023 | D:6      | Noticed Eustachio
  5051 | D:6      | Killed Eustachio
  5051 | D:6      | Reached skill level 7 in Staves
  5419 | D:6      | Found a shattered altar of Ashenzari.
  5426 | D:6      | Found a snail-covered altar of Cheibriados.
  5431 | D:6      | Found a shimmering altar of Xom.
  5438 | D:6      | Found a sacrificial altar of Ru.
  5443 | D:6      | Found a basalt altar of Yredelemnul.
  5450 | D:6      | Found a white marble altar of Elyvilon.
  5455 | D:6      | Found a deep blue altar of Sif Muna.
  5614 | D:6      | Reached *** piety under Okawaru
  5663 | D:7      | Noticed Menkaure
  5681 | D:7      | Killed Menkaure
  5681 | D:7      | Gained mutation: You are partially covered in molten
                  | scales. (AC +2) [demonic ancestry]
  5681 | D:7      | Reached XP level 9. HP: 16/66 MP: 9/9
  6135 | D:7      | Reached skill level 1 in Evocations
  6166 | D:7      | Noticed Joseph
  6169 | D:7      | Noticed Duvessa
  6171 | D:7      | Noticed Dowan
  6182 | D:7      | Killed Joseph
  6182 | D:7      | Reached skill level 5 in Fighting
  6182 | D:7      | Reached skill level 8 in Staves
  6182 | D:7      | Reached skill level 5 in Dodging
  6183 | D:7      | Killed Duvessa
  6185 | D:7      | Killed Dowan
  6266 | D:7      | Reached **** piety under Okawaru
  6802 | D:7      | Found a runed translucent door.
  6806 | D:7      | Noticed a sixfirhy
  6959 | D:8      | Noticed a two-headed ogre
  6971 | D:8      | Killed a two-headed ogre
  6971 | D:8      | Reached skill level 9 in Staves
  7601 | D:8      | Reached XP level 10. HP: 76/76 MP: 10/10
  7971 | D:9      | Reached ***** piety under Okawaru
  8310 | D:9      | Reached skill level 10 in Staves
  8626 | D:10     | Entered Level 10 of the Dungeon
  9129 | D:10     | Reached skill level 5 in Stealth
  9662 | D:10     | Found a hazy altar of Hepliaklqana.
  9728 | D:10     | Noticed a two-headed ogre
  9744 | D:10     | Killed a two-headed ogre
  9744 | D:10     | Received a gift from Okawaru
  9744 | D:10     | Reached skill level 1 in Invocations
  9744 | D:10     | Gained mutation: You have razor-sharp toenails. [demonic
                  | ancestry]
  9744 | D:10     | Reached XP level 11. HP: 36/84 MP: 9/12
  9745 | D:10     | Got an ancient broad axe {god gift}
  9746 | D:10     | Identified the +8 broad axe "Demon's Bane" {freeze, rF+
                  | Int+3} (Okawaru gifted it to you on level 10 of the
                  | Dungeon)
 10177 | D:11     | Noticed a two-headed ogre
 10186 | D:11     | Killed a two-headed ogre
 10186 | D:11     | Reached skill level 1 in Axes
 10401 | D:11     | Learned a level 1 spell: Animate Skeleton
 10417 | D:11     | Found a staircase to the Lair.
 10587 | D:11     | Found a staircase to the Orcish Mines.
 11438 | D:12     | Noticed a centaur warrior
 11445 | D:12     | Killed a centaur warrior
 11545 | D:12     | Noticed a white ugly thing
 11549 | D:12     | Demolished by a white ugly thing

Skill      XL: |  1  2  3  4  5  6  7  8  9 10 11 |
---------------+----------------------------------+-----
Throwing       | 2 |  2.7
Staves         | 3 4 5 6 7 9 10 | 10.9
Dodging        | 3 4 5 6 |  6.6
Armour         | 1 2 3 4 |  4.9
Stealth        | 1 2 3 4 5 6 |  6.0
Fighting       | 3 4 5 7 |  7.7
Evocations     | 1 2 |  2.0
Invocations    | 1 |  1.1
Axes           | 4 |  4.3
Spellcasting   | |  0.4
Necromancy     | |  0.8

Action                   |  1- 3 |  4- 6 |  7- 9 | 10-12 || total
-------------------------+-------+-------+-------+-------++-------
Melee: Quarterstaff      |    88 |    94 |   253 |   165 ||   600
       Kick              |     2 |    27 |    76 |    84 ||   189
       Broad axe         |       |       |       |    63 ||    63
Throw: Tomahawk          |       |       |     9 |       ||     9
 Cast: Animate Skeleton  |       |       |       |     3 ||     3
Invok: Heroism           |       |       |     3 |     3 ||     6
 Abil: Evoke Berserk Rag |       |       |     3 |     1 ||     4
  Use: Scroll            |     8 |     3 |     8 |     7 ||    26
       Potion            |     5 |       |     3 |     1 ||     9
 Stab: Sleeping          |     1 |     3 |     2 |    13 ||    19
       Distracted        |       |       |     1 |     2 ||     3
  Eat: Chunk             |     2 |     6 |    13 |    13 ||    34
       Ration            |       |       |     1 |     2 ||     3
Armor: Leather armour    |    34 |    22 |    71 |    44 ||   171
       Robe              |       |       |       |    28 ||    28
Dodge: Dodged            |    76 |    49 |   190 |   159 ||   474
